MLB
CHICAGO (A) WHITE SOX @ BALTIMORE ORIOLES
05/31/2042
 
TOP OF THE 1ST
Chicago (A) White Sox batting - Pitching for Baltimore Orioles : RHP Víctor Castillo
Pitching: RHP Víctor Castillo
Batting: RHB Ed Livermore 0-0: Ball
1-0: Called Strike
1-1: Ball
2-1: Called Strike
2-2: Ball
3-2: Strikes out swinging
Batting: RHB Jake Thomas 0-0: Called Strike
0-1: Foul Ball, location: 2F
0-2: Strikes out swinging
Batting: LHB Stan Waters 0-0: Ball
1-0: Foul Ball, location: 7LDF
1-1: Foul Ball, location: 25F
1-2: Ground out 1-3 (Groundball, 13, EV 65.6 MPH)
Top of the 1st over - 0 runs, 0 hits, 0 errors, 0 left on base; Chicago (A) 0 - Baltimore 0
BOTTOM OF THE 1ST
Baltimore Orioles batting - Pitching for Chicago (A) White Sox : RHP Ed Dunlap
Pitching: RHP Ed Dunlap
Batting: RHB Jon Hughes 0-0: Foul Ball, location: 2F
0-1: Ball
1-1: Ground out 4-3 (Groundball, 34D, EV 102.5 MPH)
Batting: RHB Joe Cavanagh 0-0: Ground out 6-3 (Groundball, 6M, EV 107.5 MPH)
Batting: RHB Mikolas Polansky 0-0: Ball
1-0: Foul Ball, location: 2F
1-1: Ball
2-1: Fly out, F6 (Line Drive, 6, EV 58.1 MPH)
Bottom of the 1st over - 0 runs, 0 hits, 0 errors, 0 left on base; Chicago (A) 0 - Baltimore 0
TOP OF THE 2ND
Chicago (A) White Sox batting - Pitching for Baltimore Orioles : RHP Víctor Castillo
Batting: RHB Mal Williamson 0-0: Called Strike
0-1: Swinging Strike
0-2: Strikes out swinging
Batting: LHB Juan Carlos Jiménez 0-0: Ball
1-0: Foul Ball, location: 23F
1-1: Ball
2-1: Ball
3-1: Foul Ball, location: 7LDF
3-2: Fly out, F8 (Flyball, 8LXD, EV 110.0 MPH)
Batting: LHB Jesús Benavidez 0-0: Called Strike
0-1: Ball
1-1: Foul Ball, location: 7LDF
1-2: Foul Ball, location: 2F
1-2: Strikes out swinging
Top of the 2nd over - 0 runs, 0 hits, 0 errors, 0 left on base; Chicago (A) 0 - Baltimore 0
BOTTOM OF THE 2ND
Baltimore Orioles batting - Pitching for Chicago (A) White Sox : RHP Ed Dunlap
Batting: RHB Kratukarana Multani 0-0: DOUBLE (Flyball, 8RXD, EV 110.0 MPH)
Batting: LHB Samad Beybukov 0-0: 2-RUN HOME RUN (Flyball, 9D, EV 98.8 MPH), Distance : 385 ft
Batting: LHB Quant Melissanides 0-0: Foul Ball, location: 2F
0-1: Ball
1-1: Called Strike
1-2: Ball
2-2: Foul Ball, location: 7LMFF
2-2: Strikes out swinging
Batting: RHB Artie Allen 0-0: Foul Ball, location: 5F
0-1: Ball
1-1: Ball
2-1: Ball
3-1: Foul Ball, location: 5F
3-2: Foul Ball, location: 5FF
3-2: Foul Ball, location: 5SF
3-2: Ground out 5-3 (Groundball, 56S, EV 88.1 MPH)
Batting: RHB Remigio Aguilar 0-0: Foul Ball, location: 23FF
0-1: Fly out, F2 (Popup, 15S, EV 93.8 MPH)
Bottom of the 2nd over - 2 runs, 2 hits, 0 errors, 0 left on base; Chicago (A) 0 - Baltimore 2
TOP OF THE 3RD
Chicago (A) White Sox batting - Pitching for Baltimore Orioles : RHP Víctor Castillo
Batting: SHB Juan Medina 0-0: Called Strike
0-1: Swinging Strike
0-2: Strikes out looking
Batting: RHB César Otero 0-0: Ball
1-0: Ball
2-0: Swinging Strike
2-1: Foul Ball, location: 5F
2-2: Foul Ball, location: 23F
2-2: Strikes out swinging
Batting: RHB Greg Wright 0-0: Called Strike
0-1: Foul Ball, location: 9LSF
0-2: Foul Ball, location: 2F
0-2: Ball
1-2: Strikes out looking
Top of the 3rd over - 0 runs, 0 hits, 0 errors, 0 left on base; Chicago (A) 0 - Baltimore 2
BOTTOM OF THE 3RD
Baltimore Orioles batting - Pitching for Chicago (A) White Sox : RHP Ed Dunlap
Batting: SHB Nelson Jiménez 0-0: Called Strike
0-1: Ball
1-1: Swinging Strike
1-2: Ball
2-2: Ball
3-2: Base on Balls
Batting: RHB Jon Hughes 0-0: Called Strike
0-1: Called Strike
0-2: Ball
1-2: Ball
2-2: Foul Ball, location: 2F
2-2: Foul Ball, location: 2F
2-2: Ball
3-2: Foul Ball, location: 2F
3-2: Fly out, F8 (Flyball, 8RD, EV 94.4 MPH)
Batting: RHB Joe Cavanagh 0-0: Called Strike
0-1: SINGLE (Line Drive, 34, EV 94.4 MPH)
Nelson Jiménez to second
Runner from 2nd tries for 3rd, SAFE, throw by RF made to third
Batting: RHB Mikolas Polansky 0-0: Ball
1-0: SINGLE (Line Drive, 5D, EV 65.6 MPH)
Nelson Jiménez scores
Joe Cavanagh to second
Batting: RHB Kratukarana Multani 0-0: Called Strike
0-1: Ball
1-1: Ball
2-1: Swinging Strike
2-2: Ball
3-2: Base on Balls
Joe Cavanagh to third
Mikolas Polansky to second
Batting: LHB Samad Beybukov 0-0: Called Strike
0-1: Foul Ball, location: 2F
0-2: Strikes out looking
Batting: LHB Quant Melissanides 0-0: Ball
1-0: Swinging Strike
1-1: Ball
2-1: Foul Ball, location: 2F
2-2: Ball
3-2: Strikes out swinging
Bottom of the 3rd over - 1 run, 2 hits, 0 errors, 3 left on base; Chicago (A) 0 - Baltimore 3
TOP OF THE 4TH
Chicago (A) White Sox batting - Pitching for Baltimore Orioles : RHP Víctor Castillo
Batting: RHB Ed Livermore 0-0: Foul Ball, location: 5FF
0-1: DOUBLE (Line Drive, 78D, EV 108.1 MPH)
Batting: RHB Jake Thomas 0-0: Foul Ball, location: 9LMF
0-1: Foul Ball, location: 9LDF
0-2: Ball
1-2: Strikes out swinging
Batting: LHB Stan Waters 0-0: Ball
1-0: Ball
2-0: Ball
3-0: Called Strike
3-1: Base on Balls
Batting: RHB Mal Williamson 0-0: Called Strike
0-1: Foul Ball, location: 2LF
0-2: Ball
1-2: Strikes out looking
Batting: LHB Juan Carlos Jiménez 0-0: Called Strike
0-1: SINGLE (Line Drive, 89S, EV 95.6 MPH)
Ed Livermore to third
Stan Waters to second
Runner from 3rd tries for Home, SAFE, throw by CF to home
Batting: LHB Jesús Benavidez 0-0: Foul Ball, location: 7LSF
0-1: Called Strike
0-2: Strikes out swinging
Top of the 4th over - 1 run, 2 hits, 0 errors, 2 left on base; Chicago (A) 1 - Baltimore 3
BOTTOM OF THE 4TH
Baltimore Orioles batting - Pitching for Chicago (A) White Sox : RHP Ed Dunlap
Batting: RHB Artie Allen 0-0: Ball
1-0: Foul Ball, location: 2F
1-1: DOUBLE (Line Drive, 78M, EV 95.0 MPH)
Batting: RHB Remigio Aguilar 0-0: Ball
1-0: Ball
2-0: Swinging Strike
2-1: Ball
3-1: Bunt missed!
3-2: Foul Ball, location: 9LSF
3-2: DOUBLE (Line Drive, 78D, EV 104.4 MPH)
Artie Allen scores
Batting: SHB Nelson Jiménez 0-0: Called Strike
0-1: Ball
1-1: Ball
2-1: SINGLE (Groundball, 23, EV 65.0 MPH) (infield hit)
Remigio Aguilar to third
Batting: RHB Jon Hughes 0-0: Called Strike
0-1: SINGLE (Line Drive, 9S, EV 98.1 MPH)
Remigio Aguilar scores
Nelson Jiménez to second
Pitching: RHP Bob Sanders
Batting: RHB Joe Cavanagh 0-0: Ball
1-0: Foul Ball, location: 25F
1-1: Ball
2-1: Fly out, F4 (Line Drive, 4D, EV 75.6 MPH)
Batting: RHB Mikolas Polansky 0-0: Called Strike
0-1: Called Strike
0-2: Ball
1-2: 3-RUN HOME RUN (Flyball, 78XD, EV 98.1 MPH), Distance : 388 ft
Batting: RHB Kratukarana Multani 0-0: Ball
1-0: Fly out, F8 (Flyball, 78M, EV 96.3 MPH)
Batting: LHB Samad Beybukov 0-0: Ball
1-0: Called Strike
1-1: SINGLE (Line Drive, 89S, EV 105.6 MPH)
Batting: LHB Quant Melissanides 0-0: Swinging Strike
0-1: Swinging Strike
0-2: Ball
1-2: Strikes out looking
Bottom of the 4th over - 5 runs, 6 hits, 0 errors, 1 left on base; Chicago (A) 1 - Baltimore 8
TOP OF THE 5TH
Chicago (A) White Sox batting - Pitching for Baltimore Orioles : RHP Víctor Castillo
Batting: SHB Juan Medina 0-0: Ball
1-0: SOLO HOME RUN (Flyball, 89XD, EV 105.0 MPH), Distance : 423 ft
Batting: RHB César Otero 0-0: Swinging Strike
0-1: Ball
1-1: Ball
2-1: Foul Ball, location: 2F
2-2: Foul Ball, location: 2F
2-2: Foul Ball, location: 3SF
2-2: Strikes out swinging
Batting: RHB Greg Wright 0-0: Called Strike
0-1: Ball
1-1: Called Strike
1-2: Foul Ball, location: 5F
1-2: Ball
2-2: Ball
3-2: Base on Balls
Batting: RHB Ed Livermore 0-0: Called Strike
0-1: Fly out, F8 (Flyball, 8RD, EV 102.5 MPH)
Batting: RHB Jake Thomas 0-0: Swinging Strike
0-1: Ball
1-1: Called Strike
1-2: Foul Ball, location: 2F
1-2: Ground out 4-3 (Groundball, 4, EV 86.9 MPH)
Top of the 5th over - 1 run, 1 hit, 0 errors, 1 left on base; Chicago (A) 2 - Baltimore 8
BOTTOM OF THE 5TH
Baltimore Orioles batting - Pitching for Chicago (A) White Sox : RHP Bob Sanders
Batting: RHB Artie Allen 0-0: Ground out 4-3 (Groundball, 4, EV 108.8 MPH)
Batting: RHB Remigio Aguilar 0-0: Ball
1-0: Foul Ball, location: 3SF
1-1: Ground out 6-3 (Groundball, 6, EV 86.3 MPH)
Batting: SHB Nelson Jiménez 0-0: Ball
1-0: Ball
2-0: Called Strike
2-1: Fly out, F6 (Popup, 15S, EV 82.5 MPH)
Bottom of the 5th over - 0 runs, 0 hits, 0 errors, 0 left on base; Chicago (A) 2 - Baltimore 8
TOP OF THE 6TH
Chicago (A) White Sox batting - Pitching for Baltimore Orioles : RHP Víctor Castillo
Batting: LHB Stan Waters 0-0: Ball
1-0: Ball
2-0: Called Strike
2-1: Swinging Strike
2-2: Strikes out swinging
Batting: RHB Mal Williamson 0-0: Ball
1-0: Called Strike
1-1: Called Strike
1-2: Ball
2-2: Foul Ball, location: 3SF
2-2: Ball
3-2: Base on Balls
Pitching: LHP Raúl Martínez
Batting: LHB Juan Carlos Jiménez 0-0: Foul Ball, location: 7LDF
0-1: Ball
1-1: Ball
2-1: Ball
3-1: Called Strike
3-2: Foul Ball, location: 3DF
3-2: Strikes out swinging
Mal Williamson steals 2nd base
Batter strikes out.
Batting: LHB Jesús Benavidez 0-0: Ball
1-0: Called Strike
1-1: Called Strike
1-2: Fly out, F9 (Flyball, 89S, EV 89.4 MPH)
Top of the 6th over - 0 runs, 0 hits, 0 errors, 1 left on base; Chicago (A) 2 - Baltimore 8
BOTTOM OF THE 6TH
Baltimore Orioles batting - Pitching for Chicago (A) White Sox : RHP Bob Sanders
Batting: RHB Jon Hughes 0-0: Ball
1-0: Ball
2-0: Ball
3-0: Called Strike
3-1: Foul Ball, location: 7LMF
3-2: Base on Balls
Batting: RHB Joe Cavanagh 0-0: Ball
1-0: DOUBLE (Line Drive, 5D, EV 105.6 MPH)
Jon Hughes to third
Batting: RHB Mikolas Polansky 0-0: Called Strike
0-1: Fly out, F4 (Popup, 4S, EV 60.0 MPH)
Batting: RHB Kratukarana Multani 0-0: Swinging Strike
0-1: Ball
1-1: Ball
2-1: Foul Ball, location: 25FF
2-2: Ball
3-2: Base on Balls
Batting: LHB Samad Beybukov 0-0: Ball
1-0: SINGLE (Groundball, 34, EV 106.9 MPH)
Jon Hughes scores
Joe Cavanagh to third
Kratukarana Multani to second
Batting: LHB Quant Melissanides 0-0: Ball
1-0: Ball
2-0: DOUBLE (Line Drive, 5D, EV 96.3 MPH)
Joe Cavanagh scores
Kratukarana Multani scores
Samad Beybukov to third
Batting: RHB Artie Allen 0-0: Swinging Strike
0-1: Swinging Strike
0-2: Fly out, F9 (Flyball, 89M, EV 87.5 MPH)
Batting: RHB Remigio Aguilar 0-0: Foul Ball, location: 2RF
0-1: Ball
1-1: DOUBLE (Line Drive, 7LM, EV 110.0 MPH)
Samad Beybukov scores
Quant Melissanides scores
Pitching: RHP Juan Padilla
Batting: SHB Nelson Jiménez 0-0: Foul Ball, location: 7LMF
0-1: Swinging Strike
0-2: Ball
1-2: Foul Ball, location: 2F
1-2: Strikes out swinging
Bottom of the 6th over - 5 runs, 4 hits, 0 errors, 1 left on base; Chicago (A) 2 - Baltimore 13
TOP OF THE 7TH
Chicago (A) White Sox batting - Pitching for Baltimore Orioles : LHP Raúl Martínez
Batting: SHB Juan Medina 0-0: Ball
1-0: Foul Ball, location: 23F
1-1: Ball
2-1: Called Strike
2-2: Foul Ball, location: 5DF
2-2: Ball
3-2: Strikes out looking
Batting: RHB César Otero 0-0: Called Strike
0-1: Foul Ball, location: 7LMF
0-2: Ball
1-2: Ball
2-2: Strikes out looking
Batting: RHB Greg Wright 0-0: Ball
1-0: Ball
2-0: Foul Ball, location: 2F
2-1: Fly out, F6 (Popup, 4M, EV 53.1 MPH)
Top of the 7th over - 0 runs, 0 hits, 0 errors, 0 left on base; Chicago (A) 2 - Baltimore 13
BOTTOM OF THE 7TH
Baltimore Orioles batting - Pitching for Chicago (A) White Sox : RHP Juan Padilla
Pinch Hitting: RHB Freddy Hernández 0-0: Called Strike
0-1: Ball
1-1: Ball
2-1: Swinging Strike
2-2: Fly out, F9 (Flyball, 89S, EV 89.4 MPH)
Batting: RHB Joe Cavanagh 0-0: Called Strike
0-1: Foul Ball, location: 2F
0-2: Strikes out swinging, 2-3 out at first.
Batting: RHB Mikolas Polansky 0-0: Called Strike
0-1: Ball
1-1: Ball
2-1: Swinging Strike
2-2: DOUBLE (Line Drive, 7LS, EV 110.0 MPH)
Pinch Hitting: SHB Eddy Andrieux 0-0: Ball
1-0: Ball
2-0: Ball
3-0: Base on Balls
Batting: LHB Samad Beybukov 0-0: Called Strike
0-1: Called Strike
0-2: DOUBLE (Line Drive, 9LD, EV 106.9 MPH)
Mikolas Polansky scores
Eddy Andrieux to third
Runner from 3rd tries for Home, SAFE, no throw by RF
Batting: LHB Quant Melissanides 0-0: Fly out, F7 (Flyball, 78M, EV 94.4 MPH)
Bottom of the 7th over - 2 runs, 2 hits, 0 errors, 1 left on base; Chicago (A) 2 - Baltimore 15
TOP OF THE 8TH
Chicago (A) White Sox batting - Pitching for Baltimore Orioles : LHP Raúl Martínez
Now at 1B: Eddy Andrieux
Now in CF: Freddy Hernández
Batting: RHB Ed Livermore 0-0: Ball
1-0: Called Strike
1-1: Foul Ball, location: 5F
1-2: DOUBLE (Line Drive, 89D, EV 111.9 MPH)
Batting: RHB Jake Thomas 0-0: Fly out, F8 (Flyball, 8RD, EV 95.6 MPH)
Batting: RHB Jon Heath 0-0: Ball
1-0: Ball
2-0: Ball
3-0: Swinging Strike
3-1: Base on Balls
Batting: RHB Mal Williamson 0-0: Ball
1-0: Called Strike
1-1: Ball
2-1: Called Strike
2-2: Foul Ball, location: 2F
2-2: Strikes out looking
Pinch Hitting: RHB Dylan Dedmon 0-0: Ball
1-0: Foul Ball, location: 9LMF
1-1: Ball
2-1: Ball
3-1: Swinging Strike
3-2: Strikes out swinging
Top of the 8th over - 0 runs, 1 hit, 0 errors, 2 left on base; Chicago (A) 2 - Baltimore 15
BOTTOM OF THE 8TH
Baltimore Orioles batting - Pitching for Chicago (A) White Sox : RHP Juan Padilla
Now in CF: Bob Parks
Batting: RHB Artie Allen 0-0: Ball
1-0: Ball
2-0: Called Strike
2-1: Swinging Strike
2-2: Strikes out swinging
Batting: RHB Remigio Aguilar 0-0: Hit by Pitch
Batting: SHB Nelson Jiménez 0-0: Swinging Strike
0-1: Ball
1-1: Fly out, F8 (Flyball, 8LD, EV 100.0 MPH)
Batting: RHB Freddy Hernández 0-0: Ball
1-0: Swinging Strike
1-1: Ground out 4-3 (Groundball, 34, EV 99.4 MPH)
Bottom of the 8th over - 0 runs, 0 hits, 0 errors, 1 left on base; Chicago (A) 2 - Baltimore 15
TOP OF THE 9TH
Chicago (A) White Sox batting - Pitching for Baltimore Orioles : LHP Raúl Martínez
Batting: LHB Jesús Benavidez 0-0: Ball
1-0: Called Strike
1-1: Ball
2-1: Ball
3-1: Foul Ball, location: 5FF
3-2: Base on Balls
Batting: SHB Juan Medina 0-0: Ball
1-0: Called Strike
1-1: Ball
2-1: Foul Ball, location: 2F
2-2: Foul Ball, location: 2F
2-2: Fielders Choice at 2nd, 5-4 (Groundball, 5, EV 86.9 MPH)
Batting: RHB César Otero 0-0: Ball
1-0: Ball
2-0: Called Strike
2-1: Fly out, F4 (Popup, 4, EV 55.6 MPH)
Batting: RHB Greg Wright 0-0: Ground out 3-1 (Groundball, 34, EV 88.8 MPH)
Top of the 9th over - 0 runs, 0 hits, 0 errors, 1 left on base; Chicago (A) 2 - Baltimore 15
Friday, May 3rd , 2024 - OOTP Baseball 24.10 Build 82